 Dungeon Crawl Stone Soup version 0.31.0-11-ge490571c62 (webtiles) character file.

Game seed: 12124296975500500322

95737 Sobieck the Mimic (level 16, -11/194 HPs)
             Began as an Oni Fighter on Feb 2, 2024.
             Was an Initiate of Gozag.
             Mangled by a wolf spider (28 damage)
             ... led by a jorogumo
             ... on level 3 of the Lair of Beasts.
             The game lasted 00:57:53 (26015 turns).

Sobieck the Mimic (Oni Fighter)                    Turns: 26015, Time: 00:57:54

Health: -11/194    AC: 28    Str: 30    XL:     16   Next: 15%
Magic:  16/16      EV: 14    Int:  9    God:    Gozag
Gold:   8774       SH: 13    Dex:  8    Spells: 13/15 levels left

rFire   . .          .
                       - Unarmed
rCold   . . .        c - +0 kite shield
rNeg    + . .        u - melded +0 robe {Will+}
rPois   ∞            A - +0 mask of the Dragon {Will+ Slay+3 SInv}
rElec   +            B - +2 cloak of the Thief {*Fog Slay-2 SInv Stlth+}
rCorr   .            (gloves unavailable)
SInv    +            (boots unavailable)
Will    ++...        z - amulet of reflection
Stlth   +++          y - +4 ring of slaying
HPRegen 0.52/turn    h - +5 ring of evasion
MPRegen 0.15/turn

%: reflection
@: statue-form, on berserk cooldown, slowed, very slow
A: slow and powerful, torment resistance 1, boosted hp, large, unfitting armour,
horns 1, (tough skin 1), double potion healing, drunken brawling
a: Begin Untransformation, Renounce Religion, Potion Petition, Call Merchant,
Bribe Branch


You were on level 3 of the Lair of Beasts.
You worshipped Gozag.
Gozag was greatly pleased with you.
You were a living statue of rough stone.
You visited 4 branches of the dungeon, and saw 22 of its levels.

You collected 9541 gold pieces.
You spent 235 gold pieces at shops.
You paid 532 gold pieces to Gozag.

Inventory:

Missiles
 k - 75 poisoned darts
 t - 23 boomerangs (quivered)
 v - 11 javelins
 w - 12 large rocks
 F - 2 curare-tipped darts
 J - 6 atropa-tipped darts
 Z - 5 throwing nets
Armour
 c - a +0 kite shield (worn)
 u - a +0 robe of willpower (melded)
 A - the +0 mask of the Dragon (worn) {Will+ Slay+3 SInv}
   (You found it on level 5 of the Lair of Beasts)

   Slay+3:    It affects your accuracy & damage with ranged weapons and melee
   (+3).
   Will+:     It increases your willpower.
   SInv:      It lets you see invisible.
 B - the +2 cloak of the Thief (worn) {*Fog Slay-2 SInv Stlth+}
   (You found it on level 7 of the Dungeon)

   *Fog:      It may release a thick cloud of smoke when the wearer is hurt.
   Slay-2:    It affects your accuracy & damage with ranged weapons and melee
   (-2).
   SInv:      It lets you see invisible.
   Stlth+:    It makes you more stealthy.
Jewellery
 f - a ring of protection from fire
 h - a +5 ring of evasion (right fist)
 s - a ring of see invisible
 y - a +4 ring of slaying (left fist)
 z - an amulet of reflection (around neck)
 M - a ring of flight
 N - a ring of ice
 S - a +5 ring of evasion
Talismans
 m - a granite talisman (active)
Wands
 l - a wand of mindburst (13)
 r - a wand of roots (18)
 E - a wand of light (6)
 P - a wand of paralysis (15)
 V - a wand of flame (58)
 W - a wand of polymorph (3)
Scrolls
 b - a scroll of blinking
 e - 4 scrolls of enchant armour
 i - 6 scrolls of fear
 n - 2 scrolls of revelation
 o - 3 scrolls of vulnerability
 p - 2 scrolls of silence {!r}
 x - a scroll of immolation
 D - 2 scrolls of noise
 I - 5 scrolls of poison
 L - 3 scrolls of fog
 O - 2 scrolls of enchant weapon
 R - 6 scrolls of identify
 T - 6 scrolls of teleportation
Potions
 a - a potion of resistance
 d - 3 potions of lignification
 g - 2 potions of cancellation
 j - a potion of berserk rage
 q - a potion of invisibility
 C - 3 potions of ambrosia
 G - 3 potions of mutation
 H - a potion of magic
 K - 3 potions of enlightenment
 Q - 6 potions of curing
 U - 5 potions of might
Miscellaneous
 X - a box of beasts
 Y - a tin of tremorstones (2/2)


   Skills:
 + Level 12.5 Fighting
 - Level 10.0 Maces & Flails
 + Level 4.2 Throwing
 - Level 5.0 Dodging
 + Level 3.6 Stealth
 + Level 6.1 Shields
 * Level 13.0 Unarmed Combat
 - Level 7.0 Translocations
 - Level 5.0 Evocations
 + Level 14.9 Shapeshifting


You had 13 spell levels left.
You knew the following spells:

 Your Spells              Type           Power      Damage    Failure   Level
a - Lesser Beckoning      Tloc           24%        N/A       6%          2

Your spell library contained the following spells:

 Spells                   Type           Power      Damage    Failure   Level
 Gell's Gravitas          Tloc           12%        N/A       12%         3
 Teleport Other           Tloc           12%        N/A       12%         3
 Manifold Assault         Tloc           12%        N/A       36%         4
 Foxfire                  Conj/Fire      0%         2x1d4     56%         1
 Static Discharge         Conj/Air       0%         3-3/arc   71%         2
 Frozen Ramparts          Ice            0%         1d1       91%         3
 Fugue of the Fallen      Necr           0%         N/A       91%         3
 Inner Flame              Hex/Fire       0%         N/A       91%         3
 Ozocubu's Armour         Ice            0%         N/A       91%         3
 Airstrike                Air            0%         2d(0-16)  100%        4
 Flame Wave               Conj/Fire      0%         2d4       100%        4
 Leda's Liquefaction      Alch/Erth      0%         N/A       100%        4
 Petrify                  Alch/Erth      0%         N/A       100%        4
 Sticky Flame             Fire/Alch      0%         2d4       100%        4
 Summon Blazeheart Golem  Fire/Summ      0%         N/A       100%        4
 Summon Lightning Spire   Summ/Air       0%         N/A       100%        4
 Borgnjor's Vile Clutch   Necr/Erth      0%         N/A       100%        5
 Metabolic Englaciation   Hex/Ice        0%         N/A       100%        5
 Death Channel            Necr           0%         N/A       100%        6
 Plasma Beam              Fire/Air       0%         2x1d10    100%        6
 Starburst                Conj/Fire      0%         6d3       100%        6
 Orb of Destruction       Conj           0%         9d5       100%        7
 Spellforged Servitor     Conj/Summ      0%         N/A       100%        7
 Chain Lightning          Conj/Air       0%         N/A       100%        9
 Fire Storm               Conj/Fire      0%         5d1       100%        9
 Shatter                  Erth           0%         3d5*      100%        9
 Animate Dead             Necr           Unusable   N/A       N/A         4

Dungeon Overview and Level Annotations

Branches:
Dungeon (14/15) Temple (0/1) D:7 Lair (5/5) D:9 Shoals (0/4) Lair:3 Spider (1/4) Lair:3 Slime (0/5) Lair:5 Orc (2/2) D:10 Elf (0/3) Orc:2 Vaults (0/5) D:13 D:14

Altars:
Cheibriados
Dithmenos
Elyvilon
Fedhas
Gozag
Kikubaaqudgha
Nemelex Xobeh
Sif Muna
Trog
Uskayaw
Jiyva

Shops:
D:6 ?   D:13 *   Orc:2 ([([

Annotations:
D:13 spell binder
D:14 2 runed translucent doors, solopath's ghost, journeyman TrSh
Lair:2 exclusion: 3 oklob plants


Innate Abilities, Weirdness & Mutations

You are a living statue of rough stone.
Your actions are slow, but your melee attacks are powerful.
You are resistant to unholy torment.
Your maximum health is increased.
Your equipment is partially melded.
You are too large for most types of armour.
You are immune to poison.
You have a pair of small horns on your head.
((You have tough skin. (AC +1)))
You gain doubled healing and magic from potions.
Whenever you drink a healing potion, you attack all around you.


Message History

The jorogumo stares at you and mumbles some strange words.
The stream of webbing hits you but does no damage.
You are caught in a web!
The pharaoh ant bites you but does no damage.
The moth of wrath bites you but does no damage.
The wolf spider hits you!
* * * LOW HITPOINT WARNING * * *
The wolf spider barely misses you.
Unknown command.
The wolf spider hits you but does no damage.
The wolf spider bites you.
* * * LOW HITPOINT WARNING * * *
You block the wolf spider's attack. x2
The pharaoh ant bites you but does no damage.
The jorogumo stares at you and mumbles some strange words.
The stream of webbing hits you but does no damage.
You are caught in a web!
The wolf spider hits you!
* * * LOW HITPOINT WARNING * * *
The wolf spider closely misses you.
The moth of wrath bites you but does no damage.
The pharaoh ant bites you but does no damage.
The jorogumo barely misses you. The wolf spider hits you.
* * * LOW HITPOINT WARNING * * *
The wolf spider bites you but does no damage.
The moth of wrath bites you.
* * * LOW HITPOINT WARNING * * *
The pharaoh ant bites you but does no damage.
The wolf spider hits you but does no damage.
The wolf spider bites you but does no damage.
The jorogumo casts a spell at you.
The stream of webbing hits you but does no damage.
You are even more entangled.
Unknown command.
You block the wolf spider's attack. x3; The wolf spider barely misses you.
The moth of wrath bites you!
* * * LOW HITPOINT WARNING * * *
The pharaoh ant misses you. The wolf spider completely misses you.
The wolf spider bites you but does no damage.
The jorogumo closely misses you.
The moth of wrath bites you but does no damage.
The pharaoh ant bites you but does no damage.
The wolf spider hits you!!
* * * LOW HITPOINT WARNING * * *
The wolf spider barely misses you. The jorogumo hits you!
* * * LOW HITPOINT WARNING * * *
The moth of wrath bites you.
* * * LOW HITPOINT WARNING * * *
The wolf spider hits you!!
You die...
Your body crumbles into a pile of gold.

##.........#...###
#......#.##.###
###.######### ### #####
### ##.#H###.#
#####^^+B8s'.##
#...##.≈..y≈..#
##..##.≈≈≈≈≈.^####
#..###.≈.≈.≈..##.#
##..^##....^..##.##
#....###.##..^##..##
##.....#...##.^#^...# ###
#....#.^............####.#
##...##.#......^.#......##


You could see a jorogumo, a wolf spider (berserk), a moth of wrath and a pharaoh
ant.

Vanquished Creatures
  Gastronok (Lair:3)
  An orc warlord (Orc:2)
  A dire elephant (Lair:5)
  A fire dragon (D:14)
  Josephine (Lair:4)
  2 hydras
  4 centaur warriors
  Erolcha (D:10)
  4 boulder beetles
  Erica (D:8)
  A radroach (Spider:1)
  6 two-headed ogres
  A death yak (Lair:5)
  Nergalle (Lair:3)
  A sun demon (D:14)
  2 orc high priests (Orc:2)
  A skyshark (Lair:4)
  3 skeletal warriors (D:14)
  A spectral anaconda (Lair:5)
  A spectral death yak (Lair:5)
  Lodul (D:10)
  A mana viper (D:13)
  An orb spider (Lair:3)
  4 orc knights
  Pikel (D:4)
  2 deep elf pyromancers (D:14)
  An obsidian statue (Lair:5)
  4 necromancers (Lair:5)
  2 wolf spiders (Spider:1)
  2 cyclopes
  9 ugly things
  4 manticores
  A moth of wrath (Lair:3)
  2 orc sorcerers (Orc:2)
  12 elephants
  4 kobold blastminers
  A dire elephant zombie (Lair:5)
  7 black mambas
  A water nymph (Lair:3)
  12 cane toads
  A gargoyle (D:13)
  Jeremiah (D:7)
  4 unseen horrors
  3 rime drakes
  18 komodo dragons
  A yaktaur (D:14)
  A kobold demonologist (D:14)
  Psyche (D:10)
  A queen bee (Lair:2)
  A merfolk (D:10)
  2 hornets
  7 trolls
  5 blink frogs (Lair:2)
  Prince Ribbit (D:8)
  14 dream sheep
  A spectral elephant (Lair:5)
  2 vampires
  2 jumping spiders
  14 slime creatures
  A yak (shapeshifter) (D:14)
  58 yaks
  6 wraiths
  A shadow (D:6)
  13 wyverns
  A dire elephant simulacrum (Lair:5)
  16 humans (D:13)
  7 basilisks
  4 wargs (Orc:2)
  5 redbacks
  A death yak simulacrum (Lair:5)
  6 vampire mosquitoes
  A naga (shapeshifter) (D:13)
  2 acid dragons
  A naga (D:13)
  19 water moccasins
  2 spectral cane toads (Lair:5)
  2 ice beasts
  30 orc warriors
  A sky beast (D:8)
  An elephant zombie (Lair:5)
  A black bear (D:6)
  12 wolves
  4 elephant skeletons (Lair:5)
  16 ogres
  A phantom (D:5)
  10 centaurs
  2 lemures (D:4)
  Blork the orc (D:4)
  6 kobold brigands
  A gnoll sergeant (D:12)
  12 bullfrogs
  2 scorpions
  A cane toad simulacrum (Lair:5)
  9 wights (D:8)
  An elephant simulacrum (Lair:5)
  47 killer bees
  5 electric eels (D:9)
  6 howler monkeys
  3 bombardier beetles
  A lava snake (D:11)
  7 jellies
  5 hounds
  12 orc priests
  4 gnoll boudas
  An iguana (D:4)
  18 orc wizards
  A sleepcap (D:7)
  17 gnolls
  7 adders
  A river rat (Lair:2)
  5 ufetubi
  3 dart slugs (D:1)
  7 ribbon worms
  72 orcs
  7 ball pythons
  17 endoplasms
  3 giant cockroaches
  4 goblins
  7 hobgoblins
  2 jackals (D:1)
  34 kobolds
  7 quokkas
  4 bats
  3 frilled lizards (D:1)
  7 rats
  A butterfly (Lair:5)
762 creatures vanquished.

Notes
Turn   | Place    | Note
-------+----------+-------------------------------------------
     0 | D:1      | Sobieck the Oni Fighter began the quest for the Orb.
     0 | D:1      | Reached XP level 1. HP: 24/24 MP: 1/1
   118 | D:1      | Found a faded altar of an unknown god.
   160 | D:1      | Reached XP level 2. HP: 30/32 MP: 2/2
   173 | D:1      | Prayed at the altar of an unknown god.
   173 | D:1      | Became a worshipper of Gozag Ym Sagoz the Greedy
   373 | D:1      | Reached skill level 1 in Throwing
   414 | D:1      | Reached XP level 3. HP: 40/40 MP: 3/3
   879 | D:1      | Reached skill level 3 in Maces & Flails
  1408 | D:2      | Reached XP level 4. HP: 47/49 MP: 4/4
  2552 | D:2      | Reached skill level 1 in Shapeshifting
  2552 | D:2      | Reached XP level 5. HP: 5/57 MP: 5/5
  3301 | D:3      | Found a sparkling altar of Nemelex Xobeh.
  3715 | D:3      | Reached XP level 6. HP: 54/66 MP: 6/6
  3835 | D:3      | Identified 2 scrolls of acquirement
  3835 | D:3      | Acquired 846 gold pieces
  3854 | D:4      | Noticed Blork the orc
  3872 | D:4      | Killed Blork the orc
  3873 | D:4      | Reached skill level 2 in Shapeshifting
  4056 | D:4      | Noticed a moth of wrath
  4123 | D:4      | Found a bloodstained altar of Trog.
  4494 | D:3      | Acquired a +5 ring of evasion
  4918 | D:5      | Entered Level 5 of the Dungeon
  4927 | D:4      | Reached skill level 6 in Fighting
  4927 | D:4      | Reached XP level 7. HP: 75/75 MP: 7/7
  5235 | D:5      | Noticed Pikel
  5348 | D:4      | Killed Pikel
  5349 | D:4      | Reached skill level 6 in Maces & Flails
  5349 | D:4      | Reached skill level 3 in Shapeshifting
  5349 | D:4      | Reached XP level 8. HP: 59/87 MP: 8/8
  6137 | D:5      | Reached skill level 4 in Shapeshifting
  6180 | D:6      | Found Xocorr's Magic Scroll Boutique.
  6188 | D:6      | Bought a scroll of immolation for 40 gold pieces
  6188 | D:6      | Bought a scroll of teleportation for 30 gold pieces
  6188 | D:6      | Bought 3 scrolls of identify for 60 gold pieces
  6188 | D:6      | Bought a scroll of teleportation for 30 gold pieces
  6188 | D:6      | Bought a scroll of revelation for 75 gold pieces
  7032 | D:7      | Noticed a wraith
  7090 | D:7      | Noticed a two-headed ogre
  7090 | D:7      | Noticed Jeremiah
  7134 | D:6      | Reached XP level 9. HP: 76/97 MP: 9/9
  7446 | D:6      | Reached skill level 5 in Shapeshifting
  7539 | D:7      | Noticed a two-headed ogre
  7563 | D:7      | Reached skill level 9 in Fighting
  7563 | D:7      | Reached skill level 9 in Maces & Flails
  7577 | D:7      | Identified the +7 flail "Hicso" {pain, Will+}
  7676 | D:6      | Killed a two-headed ogre
  7677 | D:6      | Reached skill level 6 in Shapeshifting
  7812 | D:7      | Found the +2 cloak of the Thief {*Fog Slay-2 SInv Stlth+}
  7986 | D:7      | Noticed a boulder beetle
  7996 | D:7      | Reached XP level 10. HP: 91/107 MP: 10/10
  7997 | D:7      | You fall into a shaft and drop 2 floors!
  8010 | D:9      | Reached skill level 7 in Shapeshifting
  8165 | D:8      | Noticed Erica
  8174 | D:8      | Killed Erica
  8175 | D:8      | Reached skill level 8 in Shapeshifting
  8362 | D:7      | Killed a two-headed ogre
  8379 | D:7      | Reached skill level 9 in Shapeshifting
  9048 | D:7      | Reached skill level 10 in Shapeshifting
  9162 | D:7      | Killed Jeremiah
  9240 | D:7      | Killed a boulder beetle
  9241 | D:7      | Reached XP level 11. HP: 66/115 MP: 11/11
  9570 | D:7      | Found a staircase to the Ecumenical Temple.
  9718 | D:8      | Reached skill level 11 in Shapeshifting
  9973 | D:8      | Noticed Prince Ribbit
  9986 | D:8      | Killed Prince Ribbit
 11038 | D:9      | Reached skill level 12 in Shapeshifting
 11509 | D:9      | Found a shimmering blue altar of Sif Muna.
 11513 | D:9      | Found a blossoming altar of Fedhas.
 11514 | D:9      | Found a snail-covered altar of Cheibriados.
 11514 | D:9      | Found a hide-covered altar of Uskayaw.
 11581 | D:9      | Found a staircase to the Lair.
 11782 | D:10     | Entered Level 10 of the Dungeon
 11877 | D:10     | Found a staircase to the Orcish Mines.
 12058 | D:10     | Noticed a two-headed ogre
 12074 | D:10     | Killed a two-headed ogre
 12075 | D:10     | Reached skill level 13 in Shapeshifting
 12159 | D:10     | Found a shadowy altar of Dithmenos.
 12209 | D:10     | Noticed Psyche
 12319 | D:10     | Killed Psyche
 12531 | D:10     | Reached skill level 1 in Unarmed Combat
 12874 | D:10     | Noticed Lodul
 12879 | D:10     | Killed Lodul
 12883 | D:10     | Noticed Erolcha
 12889 | D:10     | Reached XP level 12. HP: 111/123 MP: 12/12
 12894 | D:10     | Killed Erolcha
 12895 | D:10     | Reached skill level 3 in Unarmed Combat
 12913 | D:10     | Found a white marble altar of Elyvilon.
 13049 | D:11     | Found a hide-covered altar of Uskayaw.
 13484 | D:11     | Noticed a two-headed ogre
 13491 | D:11     | Killed a two-headed ogre
 13738 | D:11     | Noticed a boulder beetle
 13768 | D:11     | Killed a boulder beetle
 13769 | D:11     | Reached skill level 14 in Shapeshifting
 14181 | D:12     | Reached skill level 6 in Unarmed Combat
 14389 | D:12     | Noticed a two-headed ogre
 14393 | D:12     | Killed a two-headed ogre
 15003 | D:13     | Noticed a centaur warrior
 15005 | D:13     | Killed a centaur warrior
 15182 | D:13     | Noticed a centaur warrior
 15191 | D:13     | Killed a centaur warrior
 15192 | D:13     | Reached XP level 13. HP: 117/131 MP: 13/13
 15300 | D:13     | Reached skill level 9 in Unarmed Combat
 15739 | D:13     | Found Hotausk's Serpentskin Sales.
 15969 | D:14     | Found a gate to the Vaults.
 15987 | D:13     | Reached skill level 3 in Dodging
 16019 | D:13     | Reached skill level 1 in Stealth
 16019 | D:13     | Reached skill level 1 in Evocations
 16394 | D:14     | Found an ancient bone altar of Kikubaaqudgha.
 16711 | D:14     | Noticed solopath's ghost (journeyman TrSh)
 16711 | D:14     | Noticed a lich
 16712 | D:14     | Noticed a storm dragon
 16713 | D:14     | Noticed a frost giant
 16733 | D:14     | Reached skill level 3 in Shields
 16788 | D:13     | Found the +5 demon whip "Spellbinder" {antimagic, disrupt,
                  | Will+}
 17035 | D:14     | Found a runed translucent door.
 17039 | D:14     | Found a runed translucent door.
 17235 | D:14     | Noticed a fire dragon
 17249 | D:14     | Killed a fire dragon
 17567 | D:14     | Reached XP level 14. HP: 67/143 MP: 14/14
 17572 | D:14     | HP: 4/152 [white ugly thing (24)]
 18104 | Lair:1   | Entered Level 1 of the Lair of Beasts
 18218 | Lair:1   | Reached skill level 3 in Evocations
 19728 | Lair:3   | Noticed Gastronok
 19740 | Lair:3   | Killed Gastronok
 19883 | Lair:3   | Reached skill level 12 in Unarmed Combat
 19895 | Lair:3   | Learned a level 2 spell: Lesser Beckoning
 19966 | Lair:3   | Reached skill level 1 in Translocations
 20039 | Lair:3   | Reached skill level 3 in Translocations
 20045 | Lair:3   | Noticed Nergalle
 20391 | Lair:3   | Found a hole to the Spider Nest.
 20677 | Lair:3   | Reached XP level 15. HP: 154/154 MP: 15/15
 20724 | Lair:3   | Killed Nergalle
 21087 | Lair:3   | Reached skill level 6 in Translocations
 22174 | Lair:5   | Entered Level 5 of the Lair of Beasts
 22208 | Lair:5   | Noticed Josephine
 22234 | Lair:4   | Killed Josephine
 22290 | Lair:5   | Found a viscous altar of Jiyva.
 22291 | Lair:5   | Found a staircase to the Slime Pits.
 22471 | Lair:5   | Found the +0 mask of the Dragon {Will+ Slay+3 SInv}
 23112 | Lair:5   | Reached skill level 3 in Throwing
 23181 | Lair:5   | Reached skill level 12 in Fighting
 23549 | Orc:1    | Entered Level 1 of the Orcish Mines
 24088 | Orc:2    | Entered Level 2 of the Orcish Mines
 24118 | Orc:2    | Reached skill level 3 in Stealth
 24319 | Orc:2    | Found a staircase to the Elven Halls.
 24881 | Orc:2    | Found Qacky's Armour Shop.
 25144 | Orc:2    | Noticed an orc warlord
 25203 | Orc:2    | Killed an orc warlord
 25211 | Orc:2    | Reached skill level 6 in Shields
 25211 | Orc:2    | Reached XP level 16. HP: 165/165 MP: 16/16
 25295 | Orc:2    | Found Lixaranih's Antique Weapon Shoppe.
 25317 | Orc:2    | Found Wiasch's Antique Armour Emporium.
 25361 | Orc:2    | Found Gopaymoi's Antique Weapon Shop.
 25749 | Spider:1 | Entered Level 1 of the Spider Nest
 26015 | Lair:3   | Mangled by a wolf spider

Illustrated notes

Levels and vault maps discovered:
D:1:      minmay_arrival_split_and_join, layout_loops_ring,
          shapermc_ecumenical_altar_starsandcircs
D:2:      layout_loops_corners, grunt_ministairs_9
D:3:      layout_basic, nemelex_altar_shiori
D:4:      layout_loops_ring, tgw_trog, uniq_blork_the_orc
D:5:      layout_basic, uniq_pikel
D:6:      layout_loops_ring, serial_shops, shop, kennysheep_generic_room_3
D:7:      minmay_the_grid_octo_2x2 [minmay_the_grid_octo_empty,
          minmay_the_grid_octo_odd_swirl, minmay_the_grid_octo_clover_2,
          minmay_the_grid_octo_prize_square_snowflake], layout_cave_pools,
          minmay_temple_entry_fiery, minivault_24, st_stairs_2, uniq_jeremiah
D:8:      layout_cave_pods, uniq_erica, uniq_prince_ribbit1
D:9:      layout_cave_pools, grunt_temple_overflow_open, erik_lair_island
D:10:     layout_basic, mainiacjoe_overflow_small_starburst, kennysheep_mini,
          david_orc_2, serial_curves, eino_curves_03, eino_curves_01,
          hangedman_fish_farm, uniq_lodul, uniq_psyche, uniq_erolcha
D:11:     layout_loops_corners, gauntlet_entry_generic, minivault_23,
          nicolae_uskayaw_suspiria
D:12:     layout_basic, minmay_unpleasant_kobolds
D:13:     cheibrodos_quadrivalence, layout_long_grid, guppyfry_shop_venom
D:14:     layout_long_grid, david_vaults_3, kiku_gazebo_pond_becter,
          muffindrake_ghost_dual_entry
Lair:1:   layout_misc_corridors, patterned_corridor
Lair:2:   hangedman_what_comes_after_a, layout_hall_layers
Lair:3:   layout_layer_cave, nicolae_shoals_entry_flooding,
          nicolae_spider_entry_orb_guardian, st_stairs_5, beast_lair_carwin_7,
          uniq_nergalle, uniq_gastronok
Lair:4:   layout_cave_pods
Lair:5:   due_jungle_book, layout_cave_shapes, nicolae_slime_entry_slimehenge,
          lemuel_fruit_fields, serial_bayou_shore_a, uniq_josephine
Spider:1: layout_spider_delve, nicolae_spider_scorpion_nest
Orc:1:    nicolae_orc_accident_1, layout_diamond_mine, nicolae_orc_beogh_chapel,
          blackcustard_rock_pile
Orc:2:    grunt_orc_community_town_hall, layout_caves,
          grunt_orc_community_big_house_1, grunt_orc_community_big_house_1,
          grunt_orc_community_house_3, grunt_orc_community_house_3,
          grunt_orc_community_house_1, grunt_orc_community_house_2

Skill      XL: |  1  2  3  4  5  6  7  8  9 10 11 12 13 14 15 16 |
---------------+-------------------------------------------------+-----
Throwing       | 1 3 4 |  4.2
Maces & Flails | 3 4 5 6 8 10 | 10.0
Fighting       | 5 6 7 8 9 10 11 12 | 12.5
Shapeshifting  | 1 2 3 4 6 10 13 14 | 14.9
Unarmed Combat | 2 8 11 12 13 | 13.0
Dodging        | 4 5 |  5.0
Stealth        | 1 3 |  3.6
Evocations     | 2 4 5 |  5.0
Shields        | 3 4 6 |  6.1
Translocations | 5 7 |  7.0

Action                     |  1- 3 |  4- 6 |  7- 9 | 10-12 | 13-15 | 16-18 || total
---------------------------+-------+-------+-------+-------+-------+-------++-------
  Melee: Flail             |    95 |   191 |    62 |   302 |       |       ||   650
         Headbutt          |    10 |    29 |    42 |    99 |   157 |    15 ||   352
         Whip              |       |       |   117 |       |       |       ||   117
         Unarmed           |       |       |       |   204 |   952 |    91 ||  1247
  Throw: Stone             |     1 |    10 |    69 |    29 |       |       ||   109
         Dart              |       |       |       |    35 |       |       ||    35
         Javelin           |       |       |       |     1 |     1 |       ||     2
         Boomerang         |       |       |       |    64 |   167 |     7 ||   238
         Large rock        |       |       |       |       |     3 |       ||     3
   Cast: Lesser Beckoning  |       |       |       |       |     2 |     2 ||     4
 Invoke: Potion Petition   |       |     1 |       |       |     1 |       ||     2
  Evoke: Wand              |       |       |       |     6 |     1 |     1 ||     8
    Use: Potion            |       |     2 |     2 |     2 |     1 |     1 ||     8
         Scroll            |       |    14 |     3 |    10 |     5 |       ||    32
   Stab: Sleeping          |     2 |       |       |     1 |     3 |     1 ||     7
         Distracted        |       |       |     1 |     1 |     7 |       ||     9
 Armour: Robe              |    53 |   143 |    96 |   129 |       |       ||   421
         Skin              |       |       |       |   160 |   762 |   118 ||  1040
  Dodge: Dodged            |    36 |    60 |    91 |   224 |   637 |    81 ||  1129
  Block: Kite shield       |    35 |    89 |    63 |   390 |   916 |   116 ||  1609
         Reflection        |       |       |     1 |    17 |    37 |       ||    55
   Form: Statue            |       |       |       |     2 |       |       ||     2
                           |       |       |       |     1 |       |       ||     1
